 Dungeon Crawl Stone Soup version 0.30-a0-341-g682706514a (webtiles) character file.

Game seed: 14860614648031587806

49 JOEMAMA2 the Conjurer (level 3, 0/19 HPs)
             Began as a Deep Elf Conjurer on Nov 1, 2022.
             Slain by an adder (3 damage)
             ... on level 2 of the Dungeon.
             The game lasted 00:05:52 (1689 turns).

JOEMAMA2 the Conjurer (Deep Elf Conjurer)           Turns: 1689, Time: 00:05:54

Health: 0/19       AC:  2    Str:  4    XL:     3   Next: 51%
Magic:  10/10      EV: 12    Int: 24    God:
Gold:   89         SH:  0    Dex: 13    Spells: 3/9 levels left

rFire   . . .      SeeInvis .    d - +0 club
rCold   . . .      Faith    .    (no shield)
rNeg    . . .      Spirit   .    a - +0 robe
rPois   .          Reflect  .    (no helmet)
rElec   .          Harm     +    g - scarf {harm}
rCorr   .          Rampage  .    (no gloves)
Will    .....                    (no boots)
Stlth   ++........               c - amulet of the acrobat
HPRegen 0.23/turn                (no ring)
MPRegen 0.12/turn                (no ring)

@: lethally poisoned (0 -> -2)
A: no striking features
a: no special abilities


You were on level 2 of the Dungeon.
You visited 1 branch of the dungeon, and saw 2 of its levels.

You collected 89 gold pieces.

Inventory:

Hand Weapons
 d - a +0 club (weapon)
Armour
 a - a +0 robe (worn)
 g - a scarf of harm (worn)
Jewellery
 c - an amulet of the acrobat (around neck)
Scrolls
 e - a scroll of poison {unknown}
Potions
 b - 2 potions of magic
 f - a potion of curing {unknown}
 h - a potion of might {unknown}
 i - 2 potions of degeneration {unknown}


   Skills:
 * Level 2.9 Dodging
 + Level 2.6 Stealth
 + Level 3.5 Spellcasting
 + Level 5.3 Conjurations


You had 3 spell levels left.
You knew the following spells:

 Your Spells              Type           Power      Damage    Failure   Level
a - Magic Dart            Conj           100%       1d8       1%          1
b - Searing Ray           Conj           58%        2d6       1%          2
c - Dazzling Flash        Conj/Hex       32%        N/A       11%         3

Your spell library contained the following spells:

 Spells                   Type           Power      Damage    Failure   Level
 Ensorcelled Hibernation  Hex/Ice        8%         N/A       16%         2
 Passwall                 Tmut/Erth      3%         N/A       16%         2
 Swiftness                Air            4%         N/A       30%         3
 Fulminant Prism          Conj/Hex       8%         3d7       34%         4
 Iskenderun's Mystic Bla  Conj/Tloc      16%        2d5       34%         4
 Malign Gateway           Summ/Tloc      2%         N/A       100%        7
 Summon Horrible Things   Summ           2%         N/A       100%        8


Dungeon Overview and Level Annotations

Branches:
Dungeon (2/15)

Altars:


Message History

(Press . to maintain the ray.)
Found a trident.
An adder comes into view.
The adder hisses angrily.
You closely miss the adder. The adder barely misses you.
The adder completely misses you.
You closely miss the adder. The adder bites you.
The adder bites you but does no damage.
You barely miss the adder. The adder closely misses you.
You hit the adder but do no damage. The adder bites you but does no damage.
The adder bites you.
You hit the adder.
The adder is lightly wounded.
The adder bites you but does no damage. The adder closely misses you.
You closely miss the adder.
The adder is lightly wounded.
The adder barely misses you. The adder closely misses you.
You hit the adder.
The adder is moderately wounded.
The adder closely misses you.
You closely miss the adder.
The adder is moderately wounded.
The adder bites you.
You are poisoned.
The adder poisons you! The adder bites you.
You miss the adder.
The adder is moderately wounded.
You feel very sick. The adder bites you.
* * * LOW HITPOINT WARNING * * *
The adder barely misses you.
You hit the adder.
The adder is heavily wounded.
* * * LOW HITPOINT WARNING * * *
You feel sick. The adder closely misses you.
You hit the adder but do no damage.
The adder is heavily wounded.
* * * LOW HITPOINT WARNING * * *
You feel sick. The adder closely misses you. The adder bites you.
You die...

### ### #.# #)#
#S###.# #@....#
#.###.# #.# #.#
..... #.# #.#
.....# #. #.# #.#
.....# #. #.# #.#
.....# #. #.# #.#
.....#####.#####.#
#.#
.................#
#.#


You could see an adder.

Vanquished Creatures
  2 adders (D:2)
  2 dart slugs (D:1)
  4 endoplasms
  2 giant cockroaches
  A goblin (D:2)
  2 hobgoblins
  3 quokkas (D:1)
  4 ball pythons
  3 kobolds (D:1)
  2 rats
25 creatures vanquished.

Notes
Turn   | Place    | Note
-------+----------+-------------------------------------------
     0 | D:1      | JOEMAMA2 the Deep Elf Conjurer began the quest for the Orb.
     0 | D:1      | Reached XP level 1. HP: 10/10 MP: 6/6
   193 | D:1      | Found a faded altar of an unknown god.
   374 | D:1      | Reached XP level 2. HP: 15/15 MP: 5/8
  1117 | D:2      | Reached skill level 5 in Conjurations
  1185 | D:2      | Reached XP level 3. HP: 19/19 MP: 5/9
  1188 | D:2      | Learned a level 2 spell: Searing Ray
  1192 | D:2      | Learned a level 3 spell: Dazzling Flash
  1689 | D:2      | Slain by an adder

Illustrated notes

Levels and vault maps discovered:
D:1:      minmay_arrival_diagonal_passages, layout_loops_cross,
          ebering_ecumenical_altar_rust, chequers_serial_rivers_large_b
D:2:      layout_basic, basic_altar, minmay_surrounded, uniq_natasha

Skill      XL: |  1  2 |
---------------+-------+-----
Conjurations   | 5 |  5.3
Dodging        | |  2.9
Stealth        | |  2.6
Spellcasting   | |  3.5

Action                   || total
-------------------------++-------
Melee: Club              ||    11
 Cast: Magic Dart        ||    42
       Searing Ray       ||     6
Armor: Robe              ||     3
Dodge: Dodged            ||    18

Table legend: (Time is in decaauts)
 A = Elapsed time spent in this place.
 B = Non-inter-level travel time spent in this place.
 C = Inter-level travel time spent in this place.
 D = Time resting spent in this place.
 E = Time spent auto-exploring this place.
 F = Levels seen in this place.
 G = Mean time per level.
                   A        B        C        D        E       F      G
               +--------+--------+--------+--------+--------+-----+--------+
         Total |   1740 |   1740 |      0 |    266 |   1210 |   2 |  870.0 |
       Dungeon |   1740 |   1740 |      0 |    266 |   1210 |   2 |  870.0 |
               +--------+--------+--------+--------+--------+-----+--------+

Top non-repeatable levels by time:
     D:1: 1156 daAuts
     D:2: 583 daAuts
